 Dungeon Crawl Stone Soup version 0.30-a0-728-gc68057be0a (webtiles) character file.

Game seed: 14780410370513445720

1312 jimonade the Covert (level 8, -1/40 HPs)
             Began as a Vine Stalker Brigand on Jan 30, 2023.
             Was a Believer of Uskayaw.
             Slain by an orc
             ... wielding a +1 short sword of electrocution
              (9 damage)
             ... on level 5 of the Dungeon.
             The game lasted 00:12:49 (4123 turns).

jimonade the Covert (Vine Stalker Brigand)          Turns: 4123, Time: 00:12:49

Health: -1/40      AC: 14    Str: 14    XL:     8   Next: 58%
Magic:  0/10       EV: 12    Int: 11    God:    Uskayaw [**....]
Gold:   315        SH:  0    Dex: 24    Spells: 7/7 levels left

rFire   . . .      SeeInvis .    a - +2 dagger (venom)
rCold   . . .      Faith    .    (no shield)
rNeg    . . .      Spirit   +    G - +3 ring mail {Will+}
rPois   .          Reflect  .    (no helmet)
rElec   .          Harm     .    c - +0 cloak
rCorr   .          Rampage  .    u - +0 pair of gloves
Will    ++...                    (no boots)
Stlth   ++++                     (no amulet)
HPRegen 1.06/turn                f - +4 ring of protection
MPRegen 0.12/turn                D - +6 ring of dexterity

@: no status effects
A: fangs 3, regeneration 1, magic shield, antimagic bite, no potion heal 2
a: Renounce Religion, Stomp, Line Pass


You were on level 5 of the Dungeon.
You worshipped Uskayaw.
Uskayaw was noncommittal.
You visited 2 branches of the dungeon, and saw 7 of its levels.

You collected 315 gold pieces.

Inventory:

Hand Weapons
 a - a +2 dagger of venom (weapon)
 b - a +2 dagger of freezing
 p - a +2 dagger
 v - a +0 sling
 y - a +0 arbalest
 B - a +0 shortbow
 F - a +0 rapier
Missiles
 d - 9 poisoned darts (quivered)
 e - 2 curare-tipped darts
 A - 5 boomerangs of dispersal
Armour
 c - a +0 cloak (worn)
 l - a +0 ring mail
 q - a +0 plate armour
 s - a +0 leather armour
 u - a +0 pair of gloves (worn)
 z - a +0 robe
 G - a +3 ring mail of willpower (worn)
Magical Staves
 m - a staff of air
Jewellery
 f - a +4 ring of protection (left hand)
 D - a +6 ring of dexterity (right hand)
Wands
 t - a wand of light (9)
Scrolls
 g - 2 scrolls of fog {unknown}
 h - 3 scrolls of teleportation {unknown}
 i - 5 scrolls of identify {unknown}
 n - a scroll of brand weapon {unknown}
 o - 2 scrolls of amnesia {unknown}
 w - a scroll of blinking {unknown}
Potions
 j - 3 potions of mutation {unknown}
 k - 2 potions of ambrosia {unknown}
 r - 3 potions of heal wounds {unknown}
 x - 2 potions of curing {unknown}
 C - a potion of lignification {unknown}
 E - a potion of brilliance {unknown}
 H - a potion of haste


   Skills:
 + Level 3.0 Fighting
 * Level 5.8 Short Blades
 + Level 2.2 Throwing
 + Level 0.3 Armour
 + Level 2.7 Dodging
 - Level 9.0 Stealth
 - Level 0.4 Spellcasting
 - Level 0.5 Conjurations
 - Level 0.4 Air Magic
 - Level 0.3 Poison Magic
 * Level 2.4 Invocations


You had 7 spell levels left.
You didn't know any spells.
Your spell library contained the following spells:

 Spells                   Type           Power      Damage    Failure   Level
 Sting                    Tmut/Pois      0%         1d3       54%         1
 Freeze                   Ice            0%         1d3       56%         1
 Cigotuvi's Dreadful Rot  Necr/Pois/Air  0%         N/A       67%         2
 Poisonous Vapours        Pois/Air       2%         N/A       67%         2
 Ensorcelled Hibernation  Hex/Ice        0%         N/A       71%         2
 Lesser Beckoning         Tloc           0%         N/A       71%         2
 Passwall                 Tmut/Erth      0%         N/A       71%         2
 Sublimation of Blood     Necr           0%         N/A       71%         2
 Wereblood                Tmut           0%         N/A       71%         2
 Mephitic Cloud           Conj/Pois/Air  1%         N/A       87%         3
 Swiftness                Air            1%         N/A       87%         3
 Hailstorm                Conj/Ice       0%         3d3       88%         3
 Kindle Blastsparks       Fire/Tloc/Air  0%         2d10      90%         3
 Frozen Ramparts          Ice            0%         1d1       91%         3
 Gell's Gravitas          Tloc           0%         N/A       91%         3
 Teleport Other           Tloc           0%         N/A       91%         3
 Fulminant Prism          Conj/Hex       0%         3d5       99%         4
 Iskenderun's Mystic Bla  Conj/Tloc      0%         2d3       99%         4
 Olgreb's Toxic Radiance  Pois           1%         N/A       99%         4
 Lee's Rapid Deconstruct  Erth           0%         3d4*      100%        5
 Summon Hydra             Summ           0%         N/A       100%        7


Dungeon Overview and Level Annotations

Branches:
Dungeon (6/15)             Temple (1/1) D:5

Altars:
Ashenzari
Cheibriados
Dithmenos
Elyvilon
Fedhas
Gozag
Hepliaklqana
Kikubaaqudgha
Makhleb
Qazlal
Ru
Sif Muna
Uskayaw
Vehumet
Wu Jian
Xom
Yredelemnul
The Shining One


Innate Abilities, Weirdness & Mutations

You have razor-sharp teeth.
Your natural rate of healing is unusually fast.
When hurt, damage is shared between your health and your magic reserves.
Your bite disrupts and absorbs the magic of your enemies.
Potions cannot restore your health.


Message History

The orc warrior barely misses you.
You can now pass through a line of other dancers.
You hit the orc warrior but do no damage.
The orc warrior looks even sicker.
You bite the orc warrior. You drain its power.
You feel invigorated.
The orc warrior is moderately wounded.
You closely miss the orc warrior.
The orc warrior is moderately wounded.
The orc warrior hits you with a +0 battleaxe!
The orc wizard casts a spell.
The orc wizard flickers and vanishes!
Deactivating autopickup; reactivate with Ctrl-A.
The orc hits you but does no damage.
You are electrocuted!
* * * LOW HITPOINT WARNING * * *
You barely miss the orc warrior. You bite the orc warrior. You drain its power.
You feel invigorated.
The orc warrior is heavily wounded.
The orc warrior misses you. The orc warrior closely misses you.
The orc barely misses you.
You climb upwards.
Reactivating autopickup.
There is a stone staircase leading down here.
You hit the orc warrior but do no damage.
The orc warrior looks as sick as possible!
You bite the orc warrior, but do no damage.
The orc warrior is heavily wounded.
The orc barely misses you.
The orc warrior hits you with a +0 battleaxe!
* * * LOW HITPOINT WARNING * * *
You completely miss the orc warrior. You bite the orc warrior.
You drain its power.
You feel invigorated.
The orc warrior is severely wounded.
You hit the orc warrior.
You kill the orc warrior!
The orc closely misses you.
Your Fighting skill increases to level 3!
The orc closely misses you.
You barely miss the orc. The orc hits you but does no damage.
You are electrocuted!!
You die...

.....#..##............##...##....
.....#...#...##....#...<.####..[.
.....##.##..####....#.......###..
.........#..##..............# ###
.........#......[##..#.#...##
............###......#.#..##
........#....###.........##
.......##...####.....#..##
#.#...........##@...#####
####.#.....รท....o>..##
###.....[.##...)..##
###...#..........#
#.....##...#....##
##..###..<.....># ####
##........# #....##.## ####.####


You could see an orc.

Vanquished Creatures
  Grinder (D:3)
  Edmund (D:5)
  Duvessa (D:5)
  An orc warrior (D:5)
  An ice beast (D:5)
  An ogre (D:5)
  A centaur (D:5)
  2 scorpions
  Dowan (D:5)
  A howler monkey (D:5)
  A gnoll bouda (D:3)
  2 hounds (D:5)
  An iguana (D:4)
  An orc wizard (D:5)
  3 gnolls (D:3)
  8 adders
  A shadow imp (D:5)
  4 dart slugs
  9 orcs
  A bat (D:2)
  10 endoplasms
  5 giant cockroaches
  2 goblins (D:2)
  6 hobgoblins
  4 jackals
  6 kobolds
  4 quokkas
  5 ball pythons
  5 frilled lizards
  A goblin skeleton (D:5)
  2 hobgoblin zombies (D:5)
  A kobold zombie (D:5)
  2 orc zombies (D:5)
  2 rats
97 creatures vanquished.

Notes
Turn   | Place    | Note
-------+----------+-------------------------------------------
     0 | D:1      | jimonade the Vine Stalker Brigand began the quest for the
                  | Orb.
     0 | D:1      | Reached XP level 1. HP: 11/11 MP: 2/2
   139 | D:1      | Found a faded altar of an unknown god.
   175 | D:1      | Reached skill level 5 in Stealth
   219 | D:1      | Reached XP level 2. HP: 15/15 MP: 3/3
   753 | D:2      | Reached XP level 3. HP: 18/18 MP: 4/4
  1428 | D:3      | Reached skill level 6 in Stealth
  1428 | D:3      | Gained mutation: Your natural rate of healing is unusually
                  | fast. [Vine Stalker growth]
  1428 | D:3      | Reached XP level 4. HP: 12/19 MP: 5/5
  1755 | D:3      | Noticed Grinder
  1781 | D:3      | Killed Grinder
  1782 | D:3      | Reached skill level 1 in Dodging
  1782 | D:3      | Reached skill level 7 in Stealth
  1782 | D:3      | Reached XP level 5. HP: 23/27 MP: 6/6
  1782 | D:3      | Reached XP level 6. HP: 26/31 MP: 7/7
  2476 | D:4      | Found an opulent altar of Gozag.
  2476 | D:4      | Found a basalt altar of Yredelemnul.
  2644 | D:5      | Entered Level 5 of the Dungeon
  2662 | D:5      | Reached skill level 8 in Stealth
  2714 | D:5      | Found a staircase to the Ecumenical Temple.
  2727 | Temple   | Entered the Ecumenical Temple
  2896 | Temple   | Became a worshipper of Uskayaw the Reveller
  2936 | D:5      | Found a glowing golden altar of the Shining One.
  2947 | D:5      | Reached * piety under Uskayaw
  2950 | D:5      | Reached XP level 7. HP: 35/35 MP: 8/8
  2982 | D:5      | Reached ** piety under Uskayaw
  2991 | D:5      | Reached *** piety under Uskayaw
  3004 | D:5      | Reached **** piety under Uskayaw
  3173 | D:5      | Noticed Edmund
  3226 | D:5      | Killed Edmund
  3227 | D:5      | Gained mutation: You have razor-sharp teeth. [Vine Stalker
                  | growth]
  3227 | D:5      | Reached XP level 8. HP: 8/39 MP: 6/9
  3321 | D:5      | Noticed Dowan
  3324 | D:5      | Reached skill level 1 in Invocations
  3345 | D:5      | Noticed Duvessa
  3429 | D:3      | Reached skill level 5 in Short Blades
  3648 | D:3      | Reached skill level 9 in Stealth
  3896 | D:5      | Killed Dowan
  3899 | D:5      | Killed Duvessa
  4123 | D:5      | Slain by an orc

Illustrated notes

Levels and vault maps discovered:
D:1:      dpeg_arrival_shelter, layout_loops_ring,
          shapermc_ecumenical_altar_mp_highgroup
D:2:      layout_rooms
D:3:      layout_basic, uniq_grinder
D:4:      layout_loops_ring, gammafunk_temple_overflow_pools, serial_rivers,
          chequers_serial_rivers_small_b, chequers_serial_rivers_micro_d,
          chequers_serial_rivers_marsh, chequers_serial_rivers_large_b,
          chequers_serial_rivers_micro_a, amcnicky_mini_pool_small,
          grunt_ministairs_2
D:5:      layout_cave_pools, nicolae_tso_besieged_by_evil,
          minmay_temple_entry_offerings, uniq_duvessa, uniq_edmund
D:6:      layout_loops_cross, mainiacjoe_overflow_chevrons, zin_treasury
Temple:   bh_familiar_temple

Skill      XL: |  1  2  3  4  5  6  7  8 |
---------------+-------------------------+-----
Stealth        | 5 6 7 8 9 |  9.0
Short Blades   | 2 3 4 5 |  5.8
Fighting       | 2 3 |  3.0
Dodging        | 1 2 |  2.7
Invocations    | 2 |  2.4
Throwing       | 2 |  2.2
Armour         | |  0.3
Spellcasting   | |  0.4
Conjurations   | |  0.5
Air Magic      | |  0.4
Poison Magic   | |  0.3

Action                     |  1- 3 |  4- 6 |  7- 9 || total
---------------------------+-------+-------+-------++-------
  Melee: Dagger            |    69 |   104 |   112 ||   285
         Bite              |    17 |    35 |    43 ||    95
         Punch             |       |     2 |     1 ||     3
  Throw: Dart              |       |       |    13 ||    13
   Stab: Sleeping          |    11 |     8 |     1 ||    20
         Distracted        |       |     1 |       ||     1
         Paralysed         |       |       |     2 ||     2
 Armour: Robe              |     7 |    32 |    23 ||    62
         Ring mail         |       |       |     4 ||     4
         Leather armour    |       |       |     2 ||     2
  Dodge: Dodged            |    28 |    36 |    47 ||   111

Table legend: (Time is in decaauts)
 A = Elapsed time spent in this place.
 B = Non-inter-level travel time spent in this place.
 C = Inter-level travel time spent in this place.
 D = Time resting spent in this place.
 E = Time spent auto-exploring this place.
 F = Levels seen in this place.
 G = Mean time per level.
                   A        B        C        D        E       F      G
               +--------+--------+--------+--------+--------+-----+--------+
         Total |   4103 |   3780 |    323 |     63 |   2687 |   7 |  586.1 |
       Dungeon |   3904 |   3609 |    295 |     63 |   2526 |   6 |  650.7 |
        Temple |    198 |    170 |     28 |      0 |    161 |   1 |  198.0 |
               +--------+--------+--------+--------+--------+-----+--------+

Top non-repeatable levels by time:
     D:3: 1043 daAuts
     D:4: 872 daAuts
     D:5: 758 daAuts
     D:1: 676 daAuts
     D:2: 545 daAuts
  Temple: 198 daAuts
     D:6: 7 daAuts
